 Dungeon Crawl Stone Soup version 0.28.0 (webtiles) character file.

Game seed: 15949872458135588924

13613 pkoi the Destroyer (level 11, -13/82 HPs)
             Began as a Purple Draconian Conjurer on Feb 14, 2022.
             Was a Priest of Vehumet.
             Mangled by an earth elemental (34 damage)
             ... in a volcano.
             The game lasted 00:34:59 (18999 turns).

pkoi the Destroyer (Purple Draconian Conjurer)     Turns: 18999, Time: 00:35:00

Health: -13/82     AC: 10    Str:  9    XL:     11   Next: 77%
Magic:  29/33      EV: 15    Int: 24    God:    Vehumet [***...]
Gold:   488        SH:  0    Dex: 18    Spells: 5/28 levels left

rFire   + + .      SeeInvis .   f - staff of fire
rCold   . . .      Faith    .   (no shield)
rNeg    . . .      Spirit   .   (armour unavailable)
rPois   .          Reflect  .   p - +1 hat
rElec   +          Harm     .   (no cloak)
rCorr   .          Rampage  .   n - +1 pair of gloves
Will    +....      Clarity  +   (no boots)
Stlth   +++.......              (no amulet)
HPRegen 0.23/turn               h - +6 ring of dexterity
MPRegen 0.23/turn               D - ring "Fukod" {MP+9 Dex+3 Stlth+}

@: no status effects
A: breathe power, AC +7, unfitting armour, cold-blooded, clarity, fire
resistance 1, electricity resistance
a: Breathe Dispelling Energy, Renounce Religion


You were in a volcano.
You worshipped Vehumet.
Vehumet was most pleased with you.
You visited 3 branches of the dungeon, and saw 13 of its levels.
You also visited: Sewer, Bailey and Volcano.

You collected 488 gold pieces.

Inventory:

Hand Weapons
 b - a +1 dagger
 v - a +2 whip of electrocution
 F - a +0 dagger of venom
 I - a +4 vampiric whip
 J - a +0 quick blade of flaming
Missiles
 c - 29 poisoned darts
 d - 15 boomerangs
 e - 6 javelins
 w - 3 throwing nets
 B - 3 boomerangs of dispersal
Armour
 n - a +1 pair of gloves (worn)
 p - a +1 hat (worn)
Magical Staves
 f - a staff of fire (weapon)
 y - a staff of cold
Jewellery
 h - a +6 ring of dexterity (left hand)
 r - a ring of ice
 u - an amulet of guardian spirit
 D - the ring "Fukod" (right hand) {MP+9 Dex+3 Stlth+}
   (You found it on level 8 of the Dungeon)

   [ring of magical power]

   Dex:       It affects your dexterity (+3).
   MP:        It affects your magic capacity (+9).
   Stlth:     It makes you more stealthy.
 G - a ring of poison resistance
Wands
 g - a wand of mindburst (11)
 j - a wand of acid (2)
 o - a wand of charming (4)
 E - a wand of iceblast (20)
Scrolls
 k - 2 scrolls of enchant armour
 s - a scroll of fear
 t - 4 scrolls of teleportation
 z - a scroll of magic mapping
 A - a scroll of summoning
 C - a scroll of identify
 H - a scroll of fog
Potions
 a - 4 potions of heal wounds
 i - 3 potions of curing
 l - 3 potions of haste
 m - 4 potions of flight
 q - 3 potions of brilliance
 x - 4 potions of might


   Skills:
 - Level 3.0 Fighting
 - Level 3.0 Short Blades
 - Level 5.2 Dodging
 - Level 1.7 Stealth
 - Level 9.0 Spellcasting
 + Level 11.6 Conjurations
 + Level 5.6 Hexes
 + Level 8.3 Translocations
 + Level 2.4 Fire Magic
 - Level 6.3 Evocations


You had 5 spell levels left.
You knew the following spells:

 Your Spells              Type           Power      Damage    Failure   Level
a - Magic Dart            Conj           100%       1d8       1%          1
b - Searing Ray           Conj           100%       2d8       1%          2
c - Iskenderun's Mystic   Conj/Tloc      56%        2d12      1%          4
d - Passage of Golubria   Tloc           50%        N/A       1%          4
e - Blink                 Tloc           100%       N/A       1%          2
f - Dazzling Flash        Conj/Hex       100%       N/A       1%          3
g - Flame Wave            Conj/Fire      61%        2d12      1%          4
h - Frozen Ramparts       Ice            20%        1d4       4%          3

Your spell library contained the following spells:

 Spells                   Type           Power      Damage    Failure   Level
 Scorch                   Fire           66%        2d8       1%          2
 Lesser Beckoning         Tloc           50%        N/A       1%          3
 Mephitic Cloud           Conj/Pois/Air  29%        N/A       1%          3
 Tukima's Dance           Hex            37%        N/A       1%          3
 Fulminant Prism          Conj/Hex       25%        3d14      1%          4
 Manifold Assault         Tloc           50%        N/A       5%          5
 Call Imp                 Summ           10%        N/A       9%          2
 Yara's Violent Unravell  Hex/Tmut       12%        3d7       13%         5
 Starburst                Conj/Fire      30%        6d9       13%         6
 Summon Cactus Giant      Summ           5%         N/A       100%        6


Dungeon Overview and Level Annotations

Branches:
Dungeon (11/15)            Temple (1/1) D:5            Lair (1/6) D:9
  Sewer (visited)          Bailey (visited)         Volcano (1/1)
    Orc: D:9-12

Altars:
Ashenzari
Cheibriados
Dithmenos
Elyvilon
Fedhas
Gozag
Hepliaklqana
Kikubaaqudgha
Makhleb
Nemelex Xobeh
Okawaru
Qazlal
Ru
Sif Muna
Trog
Uskayaw
Vehumet
Wu Jian
Xom
Yredelemnul
Zin
The Shining One

Annotations:
D:6 1 transporter, Clumpoid's ghost, novice GnFi


Innate Abilities, Weirdness & Mutations

You can breathe bolts of dispelling energy.
Your rich purple scales are hard. (AC +7)
You cannot fit into any form of body armour.
You are cold-blooded and may be slowed by cold attacks.
You possess an exceptional clarity of mind.
Your flesh is heat resistant. (rF+)
You are resistant to electric shocks. (rElec)


Message History

You see here a +0 quick blade of flaming.
J - a +0 quick blade of flaming Unknown command.
Unknown command.
There is a rumble as the volcano erupts.
The roof shakes.
Found a leather armour.
Found a rocky tunnel leading out of this place.
Found a leather armour of fire resistance.
There is a rocky tunnel leading out of this place here.
Found two fustibali of flaming.
An earth elemental comes into view.
Found 33 gold pieces.
The volcano erupts!
Nearby, a roof collapses.
Found a rocky tunnel leading out of this place.
A stone giant comes into view.
There is a rocky tunnel leading out of this place here.
The volcano erupts!
Nearby, a roof collapses.
There is a rock-blocked tunnel here.
A gargoyle comes into view. It is wielding a +0 flail.
Found a leather armour of fire resistance and a shiny bone wand.
An earth elemental and an efreet come into view.
The efreet is wielding a +3 scimitar of flaming.
Found a great sword of flaming.
Found a rocky tunnel leading out of this place.
The gargoyle hits you with a +0 flail.
* * * LOW HITPOINT WARNING * * *
Casting: Searing Ray (safe; 1% risk of failure)
Confirm with . or Enter, or press ? or * to list all spells.
You erupt in a blast of force!
The mystic blast hits the efreet!
The efreet is lightly wounded.
The efreet is knocked back by the mystic blast.
The mystic blast hits the gargoyle!
The gargoyle is heavily damaged.
The gargoyle is knocked back by the mystic blast.
Found an arbalest of flaming.
The gargoyle hurls a stone arrow at you.
The stone arrow hits you!!
* * * LOW HITPOINT WARNING * * *
The earth elemental hits you!!
You die...

### # ## ..### ∩#.
.)).# # $). ...# #.
#.######..### $).##
#.#....###.####
.)[.E####............##
#.§§E∩∩...##@.....#
##§#....###E)9/..##
..##...§###.R○.###
######§.#..###☼##
#.#.##...##.# .
#..#.|..### #
#...##.#∩..#
#E.[[∩####### #######


You could see an earth elemental, an efreet and a gargoyle.

Vanquished Creatures
  Fannar (D:10)
  2 vault guards (Bailey)
  A two-headed ogre (D:10)
  Pikel (D:7)
  A mana viper (shapeshifter) (D:9)
  A troll (D:11)
  Grinder (D:4)
  A blink frog (Bailey)
  A hornet (D:9)
  Prince Ribbit (D:6)
  Sigmund (D:6)
  Eustachio (D:6)
  A shadow (D:5)
  A wyvern (Lair:1)
  13 yaks
  Grum (D:7)
  A fire elemental (Volcano)
  5 humans (Bailey)
  A steam dragon (D:10)
  Menkaure (D:4)
  Edmund (D:4)
  An acid dragon (D:11)
  3 water moccasins
  2 ice beasts
  5 orc warriors
  2 sky beasts
  6 black bears
  3 centaurs
  A wolf (D:7)
  4 lemures (D:7)
  A phantom (D:5)
  Blork the orc (D:6)
  4 kobold brigands
  3 gnoll sergeants
  12 bullfrogs
  3 scorpions
  A water moccasin zombie (D:5)
  A wyvern zombie (D:8)
  12 wights
  2 howler monkeys
  2 jellies
  2 bullfrog zombies
  9 hounds
  A bullfrog skeleton (D:6)
  2 gnoll shamans (D:7)
  2 orc priests
  A centaur skeleton (D:7)
  An iguana (D:5)
  Ijyb (D:5)
  5 orc wizards
  A killer bee zombie (D:8)
  A howler monkey zombie (D:8)
  26 gnolls
  8 adders
  4 river rats
  2 shadow imps
  3 dart slugs
  24 orcs
  5 ball pythons
  3 endoplasms
  4 giant cockroaches
  5 goblins
  2 hobgoblins
  3 jackals
  24 kobolds
  3 quokkas
  4 bats
  3 frilled lizards
  11 rats
  A spectral goblin (D:2)
268 creatures vanquished.

Vanquished Creatures (others)
  47 fungi (D:9)
  55 plants (D:9)
102 creatures vanquished.

Grand Total: 370 creatures vanquished

Notes
Turn   | Place    | Note
-------+----------+-------------------------------------------
     0 | D:1      | pkoi the Draconian Conjurer began the quest for the Orb.
     0 | D:1      | Reached XP level 1. HP: 14/14 MP: 3/3
   231 | D:1      | Reached XP level 2. HP: 20/20 MP: 1/5
   852 | D:1      | Learned a level 2 spell: Searing Ray
  1609 | D:2      | Reached skill level 5 in Conjurations
  1742 | D:2      | Reached XP level 3. HP: 26/26 MP: 3/6
  1842 | D:2      | Found a faded altar of an unknown god.
  3320 | D:3      | Reached XP level 4. HP: 8/33 MP: 0/7
  3954 | D:4      | Noticed Grinder
  4049 | D:4      | Reached skill level 6 in Conjurations
  4326 | D:4      | Noticed Menkaure
  4331 | D:4      | Killed Menkaure
  4332 | D:4      | Reached skill level 7 in Conjurations
  4332 | D:4      | Reached XP level 5. HP: 38/38 MP: 2/8
  4511 | D:4      | Noticed Edmund
  4536 | D:4      | Killed Edmund
  4537 | D:4      | Reached XP level 6. HP: 23/45 MP: 1/9
  5175 | D:5      | Entered Level 5 of the Dungeon
  5175 | D:5      | Found a staircase to the Ecumenical Temple.
  5224 | D:4      | Reached skill level 8 in Conjurations
  5286 | Temple   | Entered the Ecumenical Temple
  5573 | Temple   | Became a worshipper of Vehumet
  5614 | D:5      | Found a glowing drain.
  5618 | Sewer    | Entered a sewer
  5748 | Sewer    | Gained mutation: You possess an exceptional clarity of
                  | mind. [potion of mutation]
  5748 | Sewer    | Gained mutation: Your flesh is heat resistant. (rF+)
                  | [potion of mutation]
  5748 | Sewer    | Gained mutation: You are resistant to electric shocks.
                  | (rElec) [potion of mutation]
  5775 | Sewer    | Your scales start taking on a rich purple colour.
  5775 | Sewer    | Reached XP level 7. HP: 10/50 MP: 1/10
  6062 | Sewer    | Found a white marble altar of Elyvilon.
  6213 | D:5      | Noticed Ijyb
  6233 | D:5      | Killed Ijyb
  6293 | D:5      | Learned a level 4 spell: Iskenderun's Mystic Blast
  6390 | D:5      | Noticed a shadow
  6767 | D:4      | Killed Grinder
  6768 | D:4      | Reached skill level 9 in Conjurations
  6768 | D:4      | Reached skill level 1 in Translocations
  6768 | D:4      | Reached skill level 1 in Evocations
  7035 | D:6      | Reached * piety under Vehumet
  7035 | D:6      | Offered knowledge of Freeze by Vehumet.
  7137 | D:6      | Learned a level 4 spell: Passage of Golubria
  7172 | D:6      | Noticed Sigmund
  7183 | D:6      | Killed Sigmund
  7184 | D:6      | Reached XP level 8. HP: 56/57 MP: 8/13
  7459 | D:6      | Noticed Prince Ribbit
  7466 | D:6      | Killed Prince Ribbit
  7732 | D:6      | Noticed Blork the orc
  7739 | D:6      | Killed Blork the orc
  7789 | D:6      | Noticed Eustachio
  7798 | D:6      | Killed Eustachio
  7799 | D:6      | Reached skill level 10 in Conjurations
  7919 | D:6      | Found a transporter.
  7922 | D:6      | Identified the +8 giant club "Arcanum" {elec, Will+ Str+4}
  7922 | D:6      | Noticed Clumpoid's ghost (novice GnFi)
  8312 | D:6      | Learned a level 2 spell: Blink
  8454 | D:7      | Found a shimmering blue altar of Sif Muna.
  8624 | D:7      | Reached XP level 9. HP: 44/63 MP: 9/15
  8726 | D:7      | Noticed Pikel
  8888 | D:7      | Reached skill level 5 in Translocations
  8933 | D:7      | Reached skill level 1 in Fighting
  9015 | D:7      | Learned a level 3 spell: Dazzling Flash
  9524 | D:7      | Noticed Grum
  9540 | D:7      | Reached skill level 1 in Short Blades
  9543 | D:7      | Killed Grum
  9544 | D:7      | Reached skill level 1 in Hexes
  9942 | D:7      | Offered knowledge of Static Discharge by Vehumet.
 10228 | D:5      | Reached ** piety under Vehumet
 11839 | D:7      | Killed Pikel
 11840 | D:7      | Reached XP level 10. HP: 75/77 MP: 2/16
 12300 | D:8      | Reached skill level 5 in Evocations
 12814 | D:8      | Identified the ring "Fukod" {MP+9 Dex+3 Stlth+}
 14368 | D:9      | Reached skill level 11 in Conjurations
 14586 | D:9      | Offered knowledge of Inner Flame by Vehumet.
 14842 | D:9      | Noticed a mana viper
 14842 | D:9      | a yaktaur changed into a mana viper
 14846 | D:9      | Killed a mana viper
 14847 | D:9      | Reached skill level 5 in Spellcasting
 15196 | D:9      | Found a staircase to the Lair.
 15385 | D:10     | Entered Level 10 of the Dungeon
 15560 | D:10     | Reached *** piety under Vehumet
 15596 | D:10     | Reached XP level 11. HP: 54/82 MP: 13/19
 15936 | D:10     | Found a flagged portal.
 15945 | Bailey   | Entered a bailey
 15975 | Bailey   | Learned a level 4 spell: Flame Wave
 16274 | Bailey   | Reached skill level 5 in Hexes
 16274 | Bailey   | Reached skill level 1 in Fire Magic
 16279 | Bailey   | Reached skill level 5 in Dodging
 16502 | Bailey   | Noticed a vault guard
 16540 | Bailey   | Killed a vault guard
 16851 | Bailey   | Noticed a vault guard
 16927 | Bailey   | Killed a vault guard
 17144 | Bailey   | Offered knowledge of Frozen Ramparts by Vehumet.
 17216 | D:10     | Noticed Fannar
 17237 | D:10     | Killed Fannar
 17985 | D:10     | Noticed a two-headed ogre
 18001 | D:10     | Killed a two-headed ogre
 18421 | D:11     | Noticed a boulder beetle
 18906 | Lair:1   | Entered Level 1 of the Lair of Beasts
 18948 | Lair:1   | Found a dark tunnel.
 18954 | Volcano  | Entered a volcano
 18961 | Volcano  | Learned a level 3 spell: Frozen Ramparts
 18987 | Volcano  | Noticed a stone giant
 18999 | Volcano  | Mangled by an earth elemental

Illustrated notes

Levels and vault maps discovered:
D:1:      nzn_arrival_water_spiral, layout_basic
D:2:      layout_basic, dreamdust_ecumenical_altar_drowned_temple
D:3:      layout_loops_ring, kennysheep_generic_room_10
D:4:      layout_gridville, uniq_grinder, uniq_menkaure, uniq_edmund
D:5:      layout_gridville, temple_fountains, gup_sewer_entry_bowl, uniq_ijyb
D:6:      layout_gridville, gammafunk_ghost_smash, st_stairs_1,
          uniq_blork_the_orc, uniq_prince_ribbit1, uniq_eustachio, uniq_sigmund
D:7:      layout_cave_pools, mainiacjoe_overflow_cross_hatched,
          serial_gnoll_camp, gnoll_camp_medium_02, grums_kennel,
          gnoll_camp_mini_loothouse, gnoll_camp_mini_hut, gnoll_camp_mini_hut,
          amcnicky_mini_pool_small, skrybe_limestone_x, uniq_pikel
D:8:      layout_basic, kennysheep_big_empty_room
D:9:      layout_basic, due_lair_maze_entry_diamond, uniq_grum
D:10:     layout_stronghold, enter_bailey_2, uniq_fannar
D:11:     layout_cave_pods
Temple:   roderic_octagonal_lattice_temple
Lair:1:   layout_misc_corridors, nicolae_volcano_entry_lava_flow,
          uniq_gastronok, uniq_sonja
Volcano:  volcano_caves

Skill      XL: |  1  2  3  4  5  6  7  8  9 10 11 |
---------------+----------------------------------+-----
Conjurations   | 5 7 8 9 10 11 | 11.6
Translocations | 2 4 6 7 8 |  8.3
Evocations     | 2 3 4 6 |  6.3
Spellcasting   | 3 4 5 9 |  9.0
Dodging        | 3 4 5 |  5.2
Fighting       | 3 |  3.0
Short Blades   | 2 3 |  3.0
Hexes          | 2 4 5 |  5.6
Fire Magic     | 2 |  2.4
Stealth        | |  1.7

Action                   |  1- 3 |  4- 6 |  7- 9 | 10-12 || total
-------------------------+-------+-------+-------+-------++-------
Melee: Dagger            |    23 |    23 |     9 |    85 ||   140
       Tailslap          |     4 |     3 |       |    26 ||    33
       Punch             |       |     1 |     1 |     1 ||     3
       Whip              |       |       |     3 |    26 ||    29
       Staff             |       |       |       |     1 ||     1
 Cast: Magic Dart        |    64 |    10 |    36 |    24 ||   134
       Searing Ray       |     8 |    23 |    76 |    76 ||   183
       Iskenderun's Myst |       |       |     5 |    35 ||    40
       Dazzling Flash    |       |       |     1 |    13 ||    14
       Blink             |       |       |       |     1 ||     1
       Frozen Ramparts   |       |       |       |     1 ||     1
 Abil: Breathe Dispellin |       |       |       |     1 ||     1
Evoke: Wand              |       |       |     3 |       ||     3
  Use: Scroll            |       |     8 |     9 |     3 ||    20
       Potion            |       |     2 |       |     1 ||     3
 Stab: Sleeping          |       |     2 |     1 |     5 ||     8
       Invisible         |       |       |       |     5 ||     5
Armor: Skin              |     9 |    26 |    37 |    55 ||   127
Dodge: Dodged            |    18 |    48 |    56 |   179 ||   301
